 Dungeon Crawl Stone Soup version 0.22.1 (webtiles) character file.

61 JedernureinKreuz the Firebug (level 3, -4/26 HPs)
             Began as a Demigod Fire Elementalist on Sept 18, 2018.
             Slain by a scorpion (5 damage)
             ... on level 2 of the Dungeon.
             The game lasted 00:06:37 (1621 turns).

JedernureinKreuz the Firebug (DgFE)                 Turns: 1621, Time: 00:06:37

Health: -4/26      AC:  3    Str: 11    XL:     3   Next: 58%
Magic:  1/9        EV: 12    Int: 21    God:
Gold:   152        SH:  0    Dex: 16    Spells: 5/6 levels left

rFire    . . .     SeeInvis .   a - +0 spear
rCold    . . .     Gourm    .   (no shield)
rNeg     . . .     Faith    .   q - +0 leather armour
rPois    +         Spirit   .   (no helmet)
rElec    .         Reflect  .   (no cloak)
rCorr    .         Harm     .   (no gloves)
MR       .....                  (no boots)
Stlth    ++........             (no amulet)
HPRegen  0.08/turn              r - ring of poison resistance
MPRegen  0.11/turn              (no ring)

@: very slightly contaminated
A: high mp 1
a: no special abilities


You were on level 2 of the Dungeon.
You were not hungry.

You visited 1 branch of the dungeon, and saw 3 of its levels.

You collected 152 gold pieces.

Inventory:

Hand Weapons
 a - a +0 spear (weapon)
 b - a +0 whip
Missiles
 d - 11 tomahawks (quivered)
 j - 57 stones
Armour
 m - a +0 robe
 q - a +0 leather armour (worn)
Jewellery
 r - a ring of poison resistance (left hand)
Scrolls
 e - 2 scrolls of identify {unknown}
 f - a scroll of amnesia {unknown}
 g - a scroll of magic mapping {unknown}
 h - a scroll of fog {unknown}
 l - 2 scrolls of remove curse {unknown}
 n - a scroll of teleportation {unknown}
Potions
 k - a potion of curing {unknown}
 o - a potion of flight {unknown}
 s - a potion of mutation {unknown}
Comestibles
 c - 5 rations
 i - a chunk of flesh


   Skills:
 + Level 0.4 Polearms
 + Level 0.4 Throwing
 + Level 0.5 Armour
 + Level 2.3 Dodging
 + Level 2.2 Stealth
 + Level 2.3 Spellcasting
 + Level 1.2 Conjurations
 + Level 2.9 Fire Magic


You had 5 spell levels left.
You knew the following spells:

 Your Spells              Type           Power        Failure   Level  Hunger
a - Flame Tongue          Conj/Fire      ##...        8%          1    #......

Your spell library contained the following spells:

 Spells                   Type           Power        Failure   Level  Hunger
 Throw Flame              Conj/Fire      ##....       12%         2    ##.....
 Conjure Flame            Conj/Fire      ##......     24%         3    ###....
 Inner Flame              Hex/Fire       #.......     30%         3    ###....
 Sticky Flame             Conj/Fire      ##......     61%         4    #####..
 Fireball                 Conj/Fire      ##........   91%         5    ######.


Dungeon Overview and Level Annotations

Branches:
Dungeon (3/15)


Innate Abilities, Weirdness & Mutations

You have an increased reservoir of magic. (+10% MP)


Message History

You miscast Flame Tongue.
You are very lightly contaminated with residual magic.
Nothing appears to happen.
The scorpion stings you.
* * * LOW HITPOINT WARNING * * *
Casting: Flame Tongue (safe; 8% risk of failure)
Confirm with . or Enter, or press ? or * to list all spells.
Aiming: Flame Tongue (safe; 8% risk of failure)
Press: ? - help, Shift-Dir - straight line, f/p - scorpion
Aim: a scorpion (severely wounded)
The flame tongue hits the scorpion.
The scorpion is almost dead.
The scorpion stings you!
* * * LOW HITPOINT WARNING * * *
Casting: Flame Tongue (safe; 8% risk of failure)
Confirm with . or Enter, or press ? or * to list all spells.
Aiming: Flame Tongue (safe; 8% risk of failure)
Press: ? - help, Shift-Dir - straight line, f/p - scorpion
Aim: a scorpion (almost dead)
The flame tongue misses the scorpion.
The scorpion stings you.
You die...

.# #.# #.# .### #.# #.# ...# #.#
#.#### ##.# #.# #..... #.# #.#
###### #.# #.# ## #.# #.# #. #.#
#######.# #. #.# #...s@†.# #.
#.# #.####### ## #.# #.# # #.#
#.# # #.# #.# ###### # #.# ##.##
#....######### #.# ##...##
#.#.#.........
#.#######.###.#####..###........
#.[)......# #.÷.....#.#.########


You could see a scorpion.

Vanquished Creatures
  3 adders (D:2)
  3 dart slugs
  A leopard gecko (D:1)
  5 goblins
  2 hobgoblins (D:2)
  8 jackals
  A ball python (D:2)
  A bat (D:2)
  2 frilled lizards (D:1)
  A kobold (D:1)
  A rat (D:2)
28 creatures vanquished.

Notes
Turn   | Place    | Note
-------+----------+-------------------------------------------
     0 | D:1      | JedernureinKreuz the Demigod Fire Elementalist began the
                  | quest for the Orb.
     0 | D:1      | Reached XP level 1. HP: 14/14 MP: 5/5
   228 | D:1      | Reached XP level 2. HP: 8/20 MP: 0/7
   890 | D:2      | Reached skill level 1 in Conjurations
  1166 | D:2      | Reached XP level 3. HP: 26/26 MP: 4/8
  1455 | D:3      | Noticed a scorpion
  1620 | D:2      | HP: 1/26 [scorpion (7)]
  1621 | D:2      | Slain by a scorpion

Skill      XL: |  1  2 |
---------------+-------+-----
Dodging        | 2 |  2.3
Spellcasting   | 2 |  2.3
Stealth        | 2 |  2.2
Conjurations   | 1 |  1.2
Polearms       | |  0.4
Throwing       | |  0.4
Armour         | |  0.5
Fire Magic     | |  2.9

Action                   || total
-------------------------++-------
Melee: Unarmed           ||     6
       Spear             ||    55
Throw: Tomahawk          ||     7
 Cast: Flame Tongue      ||    36
  Use: Potion            ||     1
 Stab: Sleeping          ||     3
  Eat: Chunk             ||     2
Armor: Robe              ||     4
       Leather armour    ||    27
Dodge: Dodged            ||    75
